 Seeded DCSS version 0.28-a0-1567-g1695149f81 (webtiles) character file.

Game seed: 1452 (custom seed)

21 knot the Chopper (level 2, -6/24 HPs)
             Began as a Demonspawn Berserker on Jan 19, 2022.
             Was a Follower of Trog.
             Mangled by Terence (12 damage)
             ... on level 2 of the Dungeon.
             The game lasted 00:00:44 (1247 turns).

knot the Chopper (Demonspawn Berserker)             Turns: 1247, Time: 00:00:45

Health: -6/24      AC:  2    Str: 17    XL:     2   Next: 65%
Magic:  2/2        EV: 12    Int:  8    God:    Trog [*.....]
Gold:   54         SH:  0    Dex: 12    Spells: 1/1 levels left

rFire   . . .      SeeInvis .   a - +0 hand axe
rCold   . . .      Faith    .   (no shield)
rNeg    . . .      Spirit   .   b - +0 animal skin
rPois   .          Reflect  .   (helmet restricted)
rElec   .          Harm     .   (no cloak)
rCorr   .          Rampage  .   (no gloves)
Will    .....                   (no boots)
Stlth   +.........              (no amulet)
HPRegen 0.08/turn               (no ring)
MPRegen 0.08/turn               (no ring)

@: no status effects
A: antennae 1
a: Renounce Religion, Berserk


You were on level 2 of the Dungeon.
You worshipped Trog.
Trog was aware of your devotion.
You visited 1 branch of the dungeon, and saw 2 of its levels.

You collected 54 gold pieces.

Inventory:

Hand Weapons
 a - a +0 hand axe (weapon)
Missiles
 h - 16 stones (quivered)
 j - 3 boomerangs
Armour
 b - a +0 animal skin (worn)
Jewellery
 k - a ring of protection from cold
Scrolls
 c - 2 scrolls of identify {unknown}
 f - a scroll of vulnerability {unknown}
 i - a scroll of amnesia {unknown}
Potions
 d - a potion of berserk rage {unknown}
 e - a potion of flight {unknown}
 g - a potion of heal wounds {unknown}


   Skills:
 - Level 3.0 Fighting
 + Level 3.6 Axes
 - Level 1.7 Armour
 - Level 1.7 Dodging


You had one spell level left.
You didn't know any spells.
Your spell library was empty.

Dungeon Overview and Level Annotations

Branches:
Dungeon (2/15)

Altars:

Annotations:
D:2 Terence


Innate Abilities, Weirdness & Mutations

You have a pair of small antennae on your head.


Message History

No target in view!
No target in view!
No target in view!
You see here a +0 war axe.
A rat comes into view.
A rat is nearby!
Found an escape hatch in the ceiling.
A ball python comes into view.
You hit the rat.
You kill the rat!
Trog accepts your kill.
The ball python hisses angrily.
The ball python barely misses you. The ball python grabs you.
The ball python constricts you.
The ball python bites you but does no damage.
The ball python constricts you.
You hit the ball python.
You kill the ball python!
Trog accepts your kill.
No target in view!
No target in view!
No target in view!
No target in view!
There is an escape hatch in the ceiling here.
Terence the Incautious comes into view.
He is wielding a +6 vorpal hand axe.
Terence shouts!
You hear an angry hiss.
Terence is nearby!
Found 14 gold pieces.
Terence is nearby!
You barely miss Terence.
Terence hits you with a +6 vorpal hand axe!
You closely miss Terence.
Terence hits you with a +6 vorpal hand axe!
* * * LOW HITPOINT WARNING * * *
An adder comes into view.
Unknown command.
There is an escape hatch in the ceiling here.
Terence hits you with a +6 vorpal hand axe!
Ouch! That really hurt!
You die...

# .S #######. . #. #
......... #.###.# #######.#
#.###...#.# #'##
#...$.....# ##...##
###.##### ##.....##
#.......# ##.......##
##@#.###.#
###.........####@...###.##.
.†'.........+.†............
###.........####....###.#
##.......# ##.#.# ##.....##
#.#.###.# ##...## #.......#
##'## ###.##### #.# #.# #.#
#.#


You could see Terence.

Vanquished Creatures
  4 ball pythons
  A bat (D:1)
  3 endoplasms
  2 giant cockroaches (D:1)
  A goblin (D:1)
  A hobgoblin (D:2)
  2 quokkas
  A frilled lizard (D:1)
  A kobold (D:1)
  3 rats
19 creatures vanquished.

Vanquished Creatures (others)
  2 plants (D:1)
2 creatures vanquished.

Grand Total: 21 creatures vanquished

Notes
Turn   | Place    | Note
-------+----------+-------------------------------------------
     0 | D:1      | knot the Demonspawn Berserker began the quest for the Orb.
     0 | D:1      | Reached XP level 1. HP: 18/18 MP: 1/1
   154 | D:1      | Found a faded altar of an unknown god.
   390 | D:1      | Gained mutation: You have a pair of small antennae on your
                  | head. [demonic ancestry]
   390 | D:1      | Reached XP level 2. HP: 18/24 MP: 2/2
  1240 | D:2      | Noticed Terence
  1247 | D:2      | Mangled by Terence

Illustrated notes

Levels and vault maps discovered:
D:1:      minmay_arrival_solitary_statue, layout_loops_ring,
          hellmonk_ecumenical_altar_crossroads, serial_bayou_pond_c,
          moated_statue
D:2:      layout_loops_corners, uniq_terence

Skill      XL: |  1 |
---------------+----+-----
Axes           | 3 |  3.6
Fighting       | |  3.0
Armour         | |  1.7
Dodging        | |  1.7

Action                   || total
-------------------------++-------
Melee: Hand axe          ||    52
Invok: Berserk           ||     1
 Stab: Sleeping          ||     2
Armor: Animal skin       ||     5
Dodge: Dodged            ||    42

Table legend: (Time is in decaauts)
 A = Elapsed time spent in this place.
 B = Non-inter-level travel time spent in this place.
 C = Inter-level travel time spent in this place.
 D = Time resting spent in this place.
 E = Time spent auto-exploring this place.
 F = Levels seen in this place.
 G = Mean time per level.
                   A        B        C        D        E       F      G
               +--------+--------+--------+--------+--------+-----+--------+
         Total |   1278 |   1262 |     16 |    320 |    787 |   2 |  639.0 |
       Dungeon |   1278 |   1262 |     16 |    320 |    787 |   2 |  639.0 |
               +--------+--------+--------+--------+--------+-----+--------+

Top non-repeatable levels by time:
     D:1: 1127 daAuts
     D:2: 151 daAuts
